 Dungeon Sprint DCSS version 0.27-a0-1139-g28e009f8a6 (webtiles) character file.

Game seed: 9713893426578473586

11 Zeld the Firebug (level 2, -2/25 HPs)
             Began as an Octopode Fire Elementalist on May 7, 2021.
             Was an Initiate of Sif Muna.
             Slain by a thrashing horror (8 damage)
             ... in the Dungeon (Sprint V: "Ziggurat Sprint").
             The game lasted 00:01:43 (321 turns).

Zeld the Firebug (Octopode Fire Elementalist)        Turns: 321, Time: 00:01:44

Health: -2/25      AC:  1    Str:  7    XL:     2   Next: 25%
Magic:  5/5        EV: 13    Int: 29    God:    Sif Muna [......]
Gold:   0          SH:  0    Dex: 12    Spells: 5/6 levels left

rFire    . . .     SeeInvis .   (no weapon)
rCold    . . .     Faith    .   (no shield)
rNeg     . . .     Spirit   .   (helmet restricted)
rPois    .         Reflect  .   (no amulet)
rElec    .         Harm     .   j - +6 ring of intelligence
rCorr    .         Rampage  .   k - +6 ring of intelligence
Will     .....     NoTele   +   (no ring)
Stlth    ..........             (no ring)
HPRegen  0.08/turn              (no ring)
MPRegen  0.09/turn              (no ring)
                                (no ring)
                                (no ring)

@: berserking (expiring), very quick
A: almost no armour, amphibious, 8 rings, camouflage 1, gelatinous body 1,
(nimble swimmer 1), tentacles
a: Renounce Religion


You were in the Dungeon.
You worshipped Sif Muna.
Sif Muna was noncommittal.
You visited 1 branch

Inventory:

Jewellery
 j - a +6 ring of intelligence (left tentacle)
 k - a +6 ring of intelligence (right tentacle)
Wands
 o - a wand of mindburst (7)
 p - a wand of iceblast (7)
 q - a wand of acid (7)
Scrolls
 a - 4 scrolls of enchant armour
 g - 4 scrolls of blinking
 w - 4 scrolls of amnesia
 x - 7 scrolls of fog
 y - a scroll of holy word
 z - 5 scrolls of identify
 A - 2 scrolls of fear
Potions
 b - 10 potions of curing
 c - 10 potions of heal wounds
 d - 6 potions of haste
 e - 7 potions of magic
 f - 2 potions of berserk rage
 r - 2 potions of brilliance
 s - 2 potions of invisibility
 t - 4 potions of resistance
 v - 5 potions of might
Miscellaneous
 n - a lightning rod (4/4)


   Skills:
 + Level 0.2 Fighting
 + Level 2.0 Dodging
 - Level 3.6 Stealth
 + Level 2.6 Spellcasting
 + Level 2.0 Conjurations
 - Level 1.3 Hexes
 - Level 1.5 Summonings
 - Level 1.3 Necromancy
 - Level 1.7 Translocations
 - Level 1.9 Transmutations
 * Level 3.8 Fire Magic
 - Level 1.3 Ice Magic
 - Level 1.3 Air Magic
 - Level 1.6 Earth Magic
 - Level 1.7 Poison Magic
 * Level 1.5 Invocations
 - Level 1.5 Evocations


You had 5 spell levels left.
You knew the following spells:

 Your Spells              Type           Power      Damage    Failure   Level
a - Foxfire               Conj/Fire      80%        2x1d8     2%          1

Your spell library contained the following spells:

 Spells                   Type           Power      Damage    Failure   Level
 Wereblood                Tmut           15%        N/A       5%          2
 Passwall                 Tmut/Erth      11%        N/A       6%          2
 Conjure Flame            Conj/Fire      20%        6-21      7%          3
 Inner Flame              Hex/Fire       19%        N/A       9%          3
 Sticky Flame             Conj/Fire      20%        2d4       24%         4
 Ice Form                 Ice/Tmut       13%        N/A       36%         4
 Fireball                 Conj/Fire      10%        3d6       54%         5
 Irradiate                Conj/Tmut      7%         3d15      69%         5
 Blade Hands              Tmut           7%         N/A       99%         6


Dungeon Overview and Level Annotations

Branches:
Dungeon (1/1)

Altars:
Ashenzari
Cheibriados
Dithmenos
Elyvilon
Fedhas
Gozag
Hepliaklqana
Kikubaaqudgha
Makhleb
Nemelex Xobeh
Okawaru
Qazlal
Ru
Sif Muna
Trog
Uskayaw
Vehumet
Wu Jian
Xom
Yredelemnul
Zin
The Shining One
Beogh
Jiyva
Lugonu

Annotations:
D 1 transporter


Innate Abilities, Weirdness & Mutations

You cannot wear most types of armour.
You are amphibious.
You can wear up to eight rings at the same time.
Your skin changes colour to match your surroundings (Stealth+).
Your rubbery body absorbs attacks. (AC +1, EV +1)
((You are camouflaged near water. (Stealth+)))
You have tentacles for arms and can constrict up to eight enemies at once.


Message History

Okay, then.
Search for what [? for help]?
Okay, then.
There are no items here.
You start waiting.
Done waiting.
There is a transporter here.
Welcome to arena 2.
You enter the transporter and appear at another place.
An ufetubus, a shadow imp and a thrashing horror come into view.
The thrashing horror roars!
The shadow imp shouts!
Found three items.
Found a transporter.
Unknown command.
A red film seems to cover your vision as you go berserk!
You feel yourself moving faster!
You feel mighty! The thrashing horror tramples you!
Ouch! That really hurt!
You hold your ground!
The thrashing horror closely misses you.
You are too injured to fight recklessly!
You are too berserk!
You feel a strong urge to attack something.
You tentacle-slap the thrashing horror.
The thrashing horror is lightly damaged.
The thrashing horror barely misses you. x2; The ufetubus hits you.
* * * LOW HITPOINT WARNING * * *
The ufetubus barely misses you.
Unknown command.
You barely miss the ufetubus. You grab the ufetubus.
You constrict the ufetubus, but do no damage.
The ufetubus hits you but does no damage.
The ufetubus closely misses you.
Unknown command.
You tentacle-slap the thrashing horror.
The thrashing horror is lightly damaged.
You constrict the ufetubus, but do no damage.
The thrashing horror tramples you.
* * * LOW HITPOINT WARNING * * *
You hold your ground!
The thrashing horror tramples you!
You die...

▓▓▓▓▓▓▓▓▓▓▓▓▓
▓.8©8.▓.8©8.▓
▓.})[.▓.....▓
▓.....▓.....▓
▓.....▓.....▓
▓.5...▓.....▓
▓.5X..▓..©..▓
▓.@©..▓▓▓▓▓▓▓
▓▓▓▓▓▓▓


You could see a thrashing horror, a shadow imp and an ufetubus.

Vanquished Creatures
  An adder skeleton (D)
  A jackal zombie (D)
2 creatures vanquished.

Vanquished Creatures (others)
  3 foxfires (D)
3 creatures vanquished.

Grand Total: 5 creatures vanquished

Notes
Turn   | Place    | Note
-------+----------+-------------------------------------------
     0 | D        | Zeld the Octopode Fire Elementalist began the quest for the
                  | Orb.
     0 | D        | Reached XP level 1. HP: 11/11 MP: 3/3
     1 | D        | Found a blossoming altar of Fedhas.
     2 | D        | Found the +6 Majin-Bo {vamp, MP+6 Int+6}
     2 | D        | Found the +9 heavy crossbow "Sniper" {vorpal, Acc+∞ SInv}
     2 | D        | Found the +10 dark maul {vorpal}
     2 | D        | Found the +15 Maxwell's patent armour {-Cast -Tele rElec
                  | Will+ rCorr}
     2 | D        | Found the +18 shield of the Gong {rElec rN+ Will+ EV-5}
     2 | D        | Found the +14 obsidian axe {vorpal, Drain Fly SInv}
     2 | D        | Found the +7 great mace "Firestarter" {inner flame, rF++}
     2 | D        | Found the +6 shillelagh "Devastator" {shatter}
     2 | D        | Found the +11 plutonium sword {Contam Stlth-}
     2 | D        | Found the +8 lance "Wyrmbane" {slay drac, rPois rF+ rC+
                  | AC+3}
     2 | D        | Found the +9 sword of Zonguldrok {reap}
     2 | D        | Found the +13 scythe of Curses {drain, Drain}
     2 | D        | Found the +5 sword of Power {vorpal}
     2 | D        | Found the +7 mace of Variability {chain chaos}
     2 | D        | Found the +7 Singing Sword {vorpal, sonic wave}
     2 | D        | Found the +8 storm bow {elec, penet}
     2 | D        | Found a viscous altar of Jiyva.
     2 | D        | Found a transporter.
     2 | D        | Found a hazy altar of Hepliaklqana.
     2 | D        | Found an ancient bone altar of Kikubaaqudgha.
     2 | D        | Found an opulent altar of Gozag.
     2 | D        | Found a corrupted altar of Lugonu.
     8 | D        | Found a burning altar of Makhleb.
     9 | D        | Found an iron altar of Okawaru.
     9 | D        | Found a sparkling altar of Nemelex Xobeh.
     9 | D        | Found a stormy altar of Qazlal.
     9 | D        | Found a sacrificial altar of Ru.
     9 | D        | Found a shimmering blue altar of Sif Muna.
    13 | D        | Found a bloodstained altar of Trog.
    47 | D        | Became a worshipper of Sif Muna the Loreminder
    48 | D        | Reached skill level 1 in Hexes
    48 | D        | Reached skill level 1 in Summonings
    48 | D        | Reached skill level 1 in Necromancy
    48 | D        | Reached skill level 1 in Translocations
    48 | D        | Reached skill level 1 in Transmutations
    48 | D        | Reached skill level 1 in Ice Magic
    48 | D        | Reached skill level 1 in Air Magic
    48 | D        | Reached skill level 1 in Earth Magic
    48 | D        | Reached skill level 1 in Poison Magic
    48 | D        | Reached skill level 1 in Invocations
    48 | D        | Reached skill level 1 in Evocations
    48 | D        | Reached XP level 2. HP: 17/17 MP: 3/5
   167 | D        | Entered arena 2.
   167 | D        | Found a transporter.
   209 | D        | Got the Incunabulum of Earthen Moulding
   316 | D        | Entered arena 3.
   316 | D        | Noticed a thrashing horror
   316 | D        | Found a transporter.
   321 | D        | Slain by a thrashing horror

Illustrated notes

Levels and vault maps discovered:
D:        sprint_v [room_start, room_1, room_2, room_3, room_4, room_5, room_6,
          room_7, room_8, room_9, room_10, room_11, room_12, room_13, room_14,
          room_15, room_16, room_17, room_18, room_19, room_20, room_21,
          room_22, room_23, room_24, room_25, room_26, room_27]

Skill      XL: |  1  2 |
---------------+-------+-----
Stealth        | 3 |  3.6
Hexes          | 1 |  1.3
Summonings     | 1 |  1.5
Necromancy     | 1 |  1.3
Translocations | 1 |  1.7
Transmutations | 1 |  1.9
Ice Magic      | 1 |  1.3
Air Magic      | 1 |  1.3
Earth Magic    | 1 |  1.6
Poison Magic   | 1 |  1.7
Invocations    | 1 |  1.5
Evocations     | 1 |  1.5
Conjurations   | 2 |  2.0
Fighting       | |  0.2
Dodging        | |  2.0
Spellcasting   | |  2.6
Fire Magic     | |  3.8

Action                   || total
-------------------------++-------
Melee: Unarmed           ||     4
       Constrict         ||     2
       Tentacles         ||     1
 Cast: Foxfire           ||     2
  Use: Potion            ||     2
Armor: Skin              ||     1
Dodge: Dodged            ||     5

Table legend: (Time is in decaauts)
 A = Elapsed time spent in this place.
 B = Non-inter-level travel time spent in this place.
 C = Inter-level travel time spent in this place.
 D = Time resting spent in this place.
 E = Time spent auto-exploring this place.
 F = Levels seen in this place.
 G = Mean time per level.
                   A        B        C        D        E       F      G
               +--------+--------+--------+--------+--------+-----+--------+
         Total |    318 |    318 |      0 |    236 |      0 |   1 |  318.0 |
       Dungeon |    318 |    318 |      0 |    236 |      0 |   1 |  318.0 |
               +--------+--------+--------+--------+--------+-----+--------+

Top non-repeatable levels by time:
       D: 318 daAuts
